 Dungeon Crawl Stone Soup version 0.28-a0-872-g80cf8599ee (webtiles) character file.

Game seed: 11497021477291413433

3265 Aethergoof the Covered (level 9, -3/64 HPs)
             Began as a Demigod Gladiator on Nov 20, 2021.
             Succumbed to a hornet's poison
             ... on level 8 of the Dungeon.
             The game lasted 01:00:10 (7412 turns).

Aethergoof the Covered (Demigod Gladiator)          Turns: 7412, Time: 01:00:10

Health: -3/64      AC: 16    Str: 23    XL:     9   Next: 41%
Magic:  11/11      EV:  9    Int: 10    God:
Gold:   227        SH:  0    Dex: 25    Spells: 5/8 levels left

rFire   . . .      SeeInvis .   p - +5 whip (freeze)
rCold   . . .      Faith    .   (no shield)
rNeg    . . .      Spirit   .   A - +0 plate armour
rPois   +          Reflect  .   c - +1 helmet
rElec   .          Harm     .   o - scarf {shadows}
rCorr   .          Rampage  .   (no gloves)
Will    .....                   e - +0 pair of boots
Stlth   ..........              (no amulet)
HPRegen 0.20/turn               f - +6 ring of dexterity
MPRegen 0.12/turn               t - ring of poison resistance

@: mighty, lethally poisoned (-3 -> -13)
A: high mp 1, forlorn, frail 1
a: no special abilities


You were on level 8 of the Dungeon.
You visited 1 branch of the dungeon, and saw 8 of its levels.
You also visited: Sewer.

You collected 312 gold pieces.
You spent 85 gold pieces at shops.

Inventory:

Hand Weapons
 a - a +1 vampiric dagger
 i - a +2 short sword of venom
 p - a +5 whip of freezing (weapon)
 r - a +0 shortbow
 u - a +0 vorpal mace
 w - a +0 antimagic trident
 E - a +0 short sword of electrocution
Missiles
 b - 2 boomerangs
 d - a curare-tipped dart
 g - 7 poisoned darts (quivered)
 v - 16 bolts
 y - 18 arrows
 z - 8 atropa-tipped darts
 D - 6 datura-tipped darts
Armour
 c - a +1 helmet (worn)
 e - a +0 pair of boots (worn)
 o - a scarf of shadows (worn)
 q - a +0 chain mail
 x - the +0 leather armour of Zin's Condemnation {Stlth+}
   (You found it on level 5 of the Dungeon)

   Stlth:     It makes you more stealthy.
 A - a +0 plate armour (worn)
Magical Staves
 C - a staff of conjuration
Jewellery
 f - a +6 ring of dexterity (left hand)
 t - a ring of poison resistance (right hand)
Wands
 h - a wand of digging (3)
 l - a wand of flame (24)
Scrolls
 m - a scroll of noise
 s - a scroll of blinking
 B - 4 scrolls of amnesia


   Skills:
 + Level 4.5 Fighting
 + Level 1.0 Short Blades
 + Level 6.3 Maces & Flails
 + Level 4.4 Polearms
 + Level 3.2 Throwing
 + Level 6.7 Armour
 + Level 4.4 Dodging
 + Level 3.4 Stealth
 + Level 1.1 Evocations


You had 5 spell levels left.
You knew the following spells:

 Your Spells              Type           Power      Damage    Failure   Level
a - Foxfire               Conj/Fire      0%         2x1d4     99%         1
b - Summon Small Mammal   Summ           0%         N/A       99%         1
c - Sandblast             Erth           0%         2d4       99%         1

Your spell library contained the following spells:

 Spells                   Type           Power      Damage    Failure   Level
 Passwall                 Tmut/Erth      0%         N/A       100%        2
 Stone Arrow              Conj/Erth      0%         3d7       100%        3


Dungeon Overview and Level Annotations

Branches:
Dungeon (8/15)             Temple (0/1) D:7            Lair (0/6) D:8
  Sewer (visited)

Shops:
D:2 [   D:5 =

Annotations:
D:3 2 runed translucent doors, cheechan's ghost, weakling OpBe


Innate Abilities, Weirdness & Mutations

Your attributes grow dramatically as you level up.
You have an increased reservoir of magic. (+10% MP)
You shall have no god before yourself.
You are frail. (-10% HP)


Message History

You hit the hornet but do no damage.
The hornet is lightly wounded.
You feel sick. The hornet stings you!
You are more poisoned.
The hornet stings you.
* * * LOW HITPOINT WARNING * * *
You feel very sick.
Blink to where?
Press: ? - help, Dir - move target
As you read the scroll of blinking, it crumbles to dust.
* * * LOW HITPOINT WARNING * * *
You feel very sick.
* * * LOW HITPOINT WARNING * * *
You feel very sick.
* * * LOW HITPOINT WARNING * * *
You feel sick.
Blink to where?
Press: ? - help, Dir - move target You can't see that place.
Okay, then.
You feel better.
The hornet stings you but does no damage.
Throw: 7 darts (poison)
Press: ? - help, Q - select action, (/) - cycle Shift-Dir - straight line, f - hornet
Aim: a hornet (lightly wounded, 54% to hit)
Okay, then.
Throw: 9 darts (atropa)
Press: ? - help, Shift-Dir - straight line, f - hornet
Aim: a hornet (lightly wounded, 55% to hit, chance to blind on hit: 51%)
You throw an atropa-tipped dart.
The atropa-tipped dart closely misses the hornet.
The hornet stings you.
* * * LOW HITPOINT WARNING * * *
You are poisoned.
The hornet stings you!
* * * LOW HITPOINT WARNING * * *
You feel yourself slow down.
It was a potion of might.
You feel very mighty all of a sudden.
You feel yourself speed up.
You die...

,,*,,,,,,#ยงยงยง.#
,,*,,,,,,#....#
,,+,,,,,,#.ZY.#
,,*,,,,,,#....#
,,*,,,,,,+....#
,,*,,,,,,#....#
,,*+*****###.#########
,,,,,,...,,#.#.y.....#
...........#...#@....#
...........#...#.....#
...........#...#.....#
...........#####.....#
.....................#
.....................#
................######
##'########.....#...#
#.........#.....#...#


You could see a hornet.

Vanquished Creatures
  A wyvern (D:8)
  A wraith (D:5)
  Eustachio (D:6)
  A water moccasin (D:6)
  Duvessa (D:5)
  A sky beast (D:5)
  2 ice beasts
  A black bear (D:6)
  A centaur (D:6)
  2 ogres
  A phantom (D:3)
  A kobold brigand (Sewer)
  2 bullfrogs
  2 scorpions
  Dowan (D:5)
  A howler monkey (D:8)
  A centaur zombie (D:6)
  6 hounds
  5 orc priests
  A bullfrog zombie (D:6)
  2 iguanas
  Natasha (twice) (D:4)
  6 orc wizards
  A scorpion zombie (D:5)
  A river rat (Sewer)
  8 adders
  A white imp (D:5)
  An ufetubus (D:6)
  4 worms
  2 dart slugs
  14 orcs
  8 endoplasms
  3 giant cockroaches
  5 goblins
  5 hobgoblins
  3 jackals (D:3)
  12 kobolds
  4 quokkas
  10 ball pythons
  3 bats
  3 frilled lizards
  8 rats
139 creatures vanquished.

Vanquished Creatures (collateral kills)
  Pikel (D:4)
  An orc warrior (D:6)
  A scorpion (D:6)
  An orc priest (D:6)
  An orc wizard (D:6)
  An adder skeleton (D:4)
  A quokka (D:4)
7 creatures vanquished.

Grand Total: 146 creatures vanquished

Notes
Turn   | Place    | Note
-------+----------+-------------------------------------------
     0 | D:1      | Aethergoof the Demigod Gladiator began the quest for the
                  | Orb.
     0 | D:1      | Reached XP level 1. HP: 17/17 MP: 3/3
   369 | D:1      | Reached XP level 2. HP: 12/24 MP: 4/4
  1083 | D:2      | Reached XP level 3. HP: 16/29 MP: 5/5
  1323 | D:2      | Found Demusih's Antique Armour Emporium.
  1337 | D:2      | Bought a pair of boots for 85 gold pieces
  1367 | D:2      | Reached skill level 1 in Armour
  1744 | D:3      | Reached skill level 1 in Stealth
  1745 | D:3      | Reached XP level 4. HP: 37/37 MP: 6/6
  1764 | D:3      | Found a runed translucent door.
  1764 | D:3      | Noticed a bullfrog
  1767 | D:3      | Noticed cheechan's ghost (weakling OpBe)
  2209 | D:3      | Noticed a phantom
  2232 | D:3      | Killed a phantom
  2233 | D:3      | Reached XP level 5. HP: 26/42 MP: 7/7
  2295 | D:3      | Found a runed translucent door.
  2450 | D:4      | Noticed an angel
  2688 | D:4      | Noticed Natasha
  2700 | D:4      | Killed Natasha
  2783 | D:4      | Reached XP level 6. HP: 33/50 MP: 8/8
  2918 | D:4      | Found a glowing drain.
  2928 | Sewer    | Entered a sewer
  2989 | Sewer    | Reached skill level 1 in Maces & Flails
  3605 | D:4      | Noticed Pikel
  3615 | D:4      | Killed Pikel
  3616 | D:4      | Reached XP level 7. HP: 35/57 MP: 9/9
  3703 | D:4      | Noticed Natasha
  3731 | D:4      | Killed Natasha
  3866 | D:5      | Entered Level 5 of the Dungeon
  3959 | D:5      | Reached XP level 8. HP: 31/63 MP: 10/10
  4163 | D:5      | Reached skill level 5 in Armour
  4214 | D:5      | Identified the +0 leather armour of Zin's Condemnation
                  | {Stlth+}
  4226 | D:5      | Noticed Dowan
  4234 | D:5      | Noticed Duvessa
  4241 | D:5      | Killed Dowan
  4242 | D:5      | Reached skill level 1 in Evocations
  4248 | D:5      | Got Sif Muna's Collected Works on Creative Fire
  4263 | D:5      | Killed Duvessa
  4780 | D:5      | Found Tehohit's Jewellery Boutique.
  4835 | D:5      | Learned a level 1 spell: Foxfire
  4837 | D:5      | Learned a level 1 spell: Summon Small Mammal
  4839 | D:5      | Learned a level 1 spell: Sandblast
  5282 | D:6      | Reached skill level 5 in Maces & Flails
  5806 | D:6      | Reached XP level 9. HP: 51/71 MP: 11/11
  6067 | D:6      | Noticed Eustachio
  6114 | D:6      | Killed Eustachio
  6240 | D:6      | HP: 1/71 [orc priest/nerve-wracking pain (4)]
  6832 | D:7      | Found a staircase to the Ecumenical Temple.
  7026 | D:7      | Gained mutation: You are frail. (-10% HP) [potion of
                  | mutation]
  7399 | D:8      | Reached skill level 1 in Short Blades
  7411 | D:8      | HP: 1/64 [hornet (13)]
  7412 | D:8      | Succumbed to a hornet's poison

Illustrated notes

Levels and vault maps discovered:
D:1:      dpeg_arrival_rhombus, layout_loops_corners,
          shapermc_ecumenical_altar_mp_vishouse
D:2:      layout_loops_ring, basic_altar, serial_shops, nicolae_diamond_shop
D:3:      layout_loops_ring, ebering_ghost_sewer_f
D:4:      layout_cave_pools, grunt_temple_overflow_order_and_chaos_1,
          nicolae_overflow_crystal_walls, okawaru_trees_1, portal_sewer_entry_e,
          uniq_pikel, uniq_natasha
D:5:      layout_rooms, lemuel_crystal_altar,
          nzn_overflow_gifts_of_might_and_magic, serial_shops, kennysheep_mini
D:6:      layout_basic, pf_just_have_faith, kennysheep_path_1, uniq_eustachio
D:7:      layout_basic, minmay_temple_entry_trees
D:8:      layout_gridville, nicolae_qazlal_general_emergency,
          erik_lair_orcish_takeover, minmay_bent, uniq_gastronok

Skill      XL: |  1  2  3  4  5  6  7  8  9 |
---------------+----------------------------+-----
Dodging        | 3 4 |  4.4
Polearms       | 3 4 |  4.4
Fighting       | 2 3 4 |  4.5
Armour         | 1 2 4 6 |  6.7
Stealth        | 1 2 3 |  3.4
Maces & Flails | 3 5 6 |  6.3
Throwing       | 2 3 |  3.2
Evocations     | 1 |  1.1
Short Blades   | 1 |  1.0

Action                   |  1- 3 |  4- 6 |  7- 9 || total
-------------------------+-------+-------+-------++-------
Melee: Trident           |    87 |    87 |       ||   174
       Whip              |       |   131 |   267 ||   398
       Dagger            |       |       |    75 ||    75
Throw: Throwing net      |     3 |     3 |       ||     6
       Dart              |       |       |    21 ||    21
Evoke: Wand              |       |     7 |     6 ||    13
  Use: Scroll            |     5 |     5 |    12 ||    22
       Potion            |     1 |     1 |    17 ||    19
 Stab: Sleeping          |     4 |     1 |       ||     5
       Held in net/web   |       |     1 |       ||     1
       Invisible         |       |       |    10 ||    10
Armor: Leather armour    |    25 |       |       ||    25
       Ring mail         |     6 |    86 |     4 ||    96
       Chain mail        |       |       |   140 ||   140
       Skin              |       |       |    19 ||    19
       Plate armour      |       |       |    12 ||    12
Dodge: Dodged            |    40 |   131 |   144 ||   315

Table legend: (Time is in decaauts)
 A = Elapsed time spent in this place.
 B = Non-inter-level travel time spent in this place.
 C = Inter-level travel time spent in this place.
 D = Time resting spent in this place.
 E = Time spent auto-exploring this place.
 F = Levels seen in this place.
 G = Mean time per level.
                   A        B        C        D        E       F      G
               +--------+--------+--------+--------+--------+-----+--------+
         Total |   7543 |   7543 |      0 |   1779 |      0 |   9 |  838.1 |
       Dungeon |   6889 |   6889 |      0 |   1779 |      0 |   8 |  861.1 |
         Sewer |    653 |    653 |      0 |      0 |      0 |   1 |  653.0 |
               +--------+--------+--------+--------+--------+-----+--------+

Top non-repeatable levels by time:
     D:5: 1243 daAuts
     D:6: 1221 daAuts
     D:1: 1023 daAuts
     D:4: 962 daAuts
     D:3: 776 daAuts
     D:7: 759 daAuts
   Sewer: 653 daAuts
     D:2: 636 daAuts
     D:8: 267 daAuts
